WCHLSIM.com - West Coast Hockey League
html PUBLIC "-//W3C//DTD XHTML 1.0 Transitional//EN" "http://www.w3.org/TR/xhtml1/DTD/xhtml1-transitional.dtd"> WCHL - Game 128 - KANSAS CITY KILLERBEES vs VICTORIA GLADIATORS

KANSAS CITY KILLERBEES vs VICTORIA GLADIATORS

Created - 30 octobre 2023 at 23:21

Goals
1 2 3 T
KANSAS CITY KILLERBEES 0 0 0 0
VICTORIA GLADIATORS 1 1 2 4
Shots
1 2 3 T
KANSAS CITY KILLERBEES 5 5 6 16
VICTORIA GLADIATORS 10 10 13 33

1st period

1. VICTORIA GLADIATORS , Nick Foligno 4 (Matthew Nieto 1, Noel Acciari 4) at 16:29

Penalties :
Sean Walker (KCK) for Slashing (Minor) at 1:10, Tyler Pitlick (VIC) for Tripping (Minor) at 10:24, Adam Lowry (VIC) for Holding (Minor) at 17:16

2nd period

2. VICTORIA GLADIATORS , Adam Lowry 2 (Nick Foligno 4, Kasperi Kapanen 1) at 19:13 (PP)

Penalties :
Adam Lowry (VIC) for Tripping (Minor) at 2:01, Tyler Myers (VIC) for Hooking (Minor) at 9:53, Daniel Walcott (KCK) for Slashing (Minor) at 17:30

3rd period

3. VICTORIA GLADIATORS , Alex Iafallo 2 (Mikael Granlund 4, Andre Burakovsky 4) at 1:02
4. VICTORIA GLADIATORS , Barclay Goodrow 1 (Brandon Montour 4, Torey Krug 2) at 7:53

Penalties :
No Penalty

Goalie Stats

Cal Petersen (KCK), 7 saves from 7 shots - (1,000), 12:07 minutes
Ilya Samsonov (KCK), 22 saves from 26 shots - (0,846), L, 3-6-0, 47:53 minutes
Jake Oettinger (VIC), 16 saves from 16 shots - (1,000), W, 5-3-0, 60:00 minutes

Players Stats for KANSAS CITY KILLERBEES

Player Name              G  A  P  +/- PIM S  H  SB GA TA FO     MP     PP MP  PK MP  
------------------------------------------------------------------------------------
Alexis Lafreniere        0  0  0  -1  0   1  1  0  0  0  0/1    17:37   3:00   0:00 
Anders Bjork             0  0  0   0  0   0  0  0  0  0  0/0     7:42   0:22   0:00 
Boone Jenner             0  0  0   0  0   3  0  2  0  0  13/22  21:34   3:50   2:27 
Daniel Walcott           0  0  0   0  2   0  0  1  0  0  0/0    16:50   0:55   1:04 
Jacob Muzzin             0  0  0  -1  0   0  2  0  0  0  0/0    20:32   2:27   1:38 
Jakub Voracek            0  0  0  -2  0   2  0  0  0  0  3/4    15:42   4:34   0:00 
James van Riemsdyk       0  0  0   0  0   0  0  0  0  0  0/2    19:49   3:17   1:15 
Jaret Anderson-Dolan     0  0  0   0  0   0  1  0  0  0  2/7     7:20   0:00   0:00 
K'Andre Miller           0  0  0  -2  0   0  0  4  0  0  0/0    23:41   4:34   2:04 
Mattias Ekholm           0  0  0  -2  0   2  2  1  0  0  0/0    23:41   4:34   2:04 
Morgan Barron            0  0  0  -2  0   1  2  0  0  0  4/12   12:42   1:34   0:00 
Nicholas Paul            0  0  0  -1  0   1  0  0  0  0  1/1    18:35   3:05   0:53 
Nicolas Aube-Kubel       0  0  0   0  0   0  1  0  0  0  0/0     7:20   0:00   0:00 
Philipp Kurashev         0  0  0   0  0   4  0  0  0  0  1/2    21:50   4:06   2:27 
Riley Stillman           0  0  0   0  0   0  2  1  0  0  0/0    15:56   1:04   0:00 
Sean Walker              0  0  0  -1  2   1  0  1  0  0  0/0    19:18   2:18   0:34 
Tyler Johnson            0  0  0  -1  0   1  1  0  0  0  6/14   14:37   0:00   0:00 
Zach Aston-Reese         0  0  0  -2  0   0  0  0  0  0  0/0    11:30   0:00   0:22 

Players Stats for VICTORIA GLADIATORS

Player Name              G  A  P  +/- PIM S  H  SB GA TA FO     MP     PP MP  PK MP  
------------------------------------------------------------------------------------
Adam Lowry               1  0  1   1  4   5  1  0  0  0  12/18  16:25   1:48   0:00 
Alex Iafallo             1  0  1   1  0   4  1  1  0  0  0/1    21:33   1:54   1:23 
Andre Burakovsky         0  1  1   1  0   1  1  0  0  0  0/3    20:10   1:54   0:00 
Barclay Goodrow          1  0  1   1  0   2  2  0  0  0  0/0    18:52   0:00   4:13 
Brandon Montour          0  1  1   1  0   2  2  1  0  0  0/0    20:35   2:04   1:40 
Brock McGinn             0  0  0   0  0   1  0  0  0  0  0/2     5:57   1:48   1:35 
Chris Tanev              0  0  0   1  0   0  0  1  0  0  0/0    18:26   0:00   3:29 
Jan Rutta                0  0  0   1  0   0  3  1  0  0  0/0    18:09   0:00   3:12 
Justin Holl              0  0  0   1  0   1  1  1  0  0  0/0    20:52   0:00   4:18 
Kasperi Kapanen          0  1  1   1  0   3  0  0  0  0  0/0    16:43   2:04   0:00 
Mason Appleton           0  0  0   0  0   1  0  0  0  0  2/4     5:13   0:00   2:39 
Matthew Nieto            0  1  1   1  0   0  0  0  0  0  0/1    15:23   0:00   2:30 
Mikael Granlund          0  1  1   1  0   5  0  0  0  0  12/20  20:10   1:54   0:00 
Nick Foligno             1  1  2   1  0   4  2  0  0  0  1/1    14:41   1:48   0:00 
Noel Acciari             0  1  1   1  0   4  1  0  0  0  8/15   16:25   0:00   3:32 
Torey Krug               0  1  1   1  0   0  1  0  0  0  0/0    18:29   1:38   0:00 
Tyler Myers              0  0  0   1  2   0  0  0  0  0  0/0    21:24   1:38   3:13 
Tyler Pitlick            0  0  0   0  2   0  0  0  0  0  0/0     2:33   0:00   0:00 

3 Stars

1 - Nick Foligno (VIC)
2 - Jake Oettinger (VIC)
3 - Barclay Goodrow (VIC)

Power Play

KANSAS CITY KILLERBEES - 0 on 4 Attempt(s) - 0,00%
VICTORIA GLADIATORS - 1 on 2 Attempt(s) - 50,00%

Penalty Kill

KANSAS CITY KILLERBEES - 1 on 2 Attempt(s) - 50,00% - Score 0 goal in Penalty Kill
VICTORIA GLADIATORS - 4 on 4 Attempt(s) - 100,00% - Score 0 goal in Penalty Kill

Team Stat

KANSAS CITY KILLERBEES - Hits : 12 - Faceoff Wins : 30 - Blocked Shots : 10 - Penalty Minutes : 4
VICTORIA GLADIATORS - Hits : 15 - Faceoff Wins : 35 - Blocked Shots : 5 - Penalty Minutes : 8

Official

Referees : Dan O'Halloran and Reid Anderson
Linesman : Jim Harper and Brendan Lewis

Game Notes

Cal Petersen enters game at 7:53 of 3rd period

Finance

Level 1 -- Attendance: 4207 (66,78%) -- Ticket Income 799 330 $
Level 2 -- Attendance: 3351 (63,23%) -- Ticket Income 502 650 $
Level 3 -- Attendance: 1482 (67,36%) -- Ticket Income 163 020 $
Level 4 -- Attendance: 3723 (88,64%) -- Ticket Income 260 610 $
Luxury Box -- Attendance: 753 (75,30%) -- Ticket Income 233 430 $
Game was played at the Verizon Center.
Total Attendance: 13516 (71,14%)
Total Ticket Income: 1 959 040 $
Other Expense: 19 590 $
Total Income: 1 939 450 $

KANSAS CITY KILLERBEES

5 vs 5 Forward 
   Center                   Left Wing                Right Wing               Time % Phy DF OF 
 1 Boone Jenner             James van Riemsdyk       Philipp Kurashev         36     1   2  2  
 2 Tyler Johnson            Nicholas Paul            Alexis Lafreniere        31     1   2  2  
 3 Morgan Barron            Zach Aston-Reese         Jakub Voracek            23     1   2  2  
 4 Jaret Anderson-Dolan     Anders Bjork             Nicolas Aube-Kubel       10     1   2  2  

5 vs 5 Defense 
   Defense                  Defense                                           Time % Phy DF OF 
 1 Mattias Ekholm           K'Andre Miller                                    36     1   2  2  
 2 Sean Walker              Jacob Muzzin                                      34     1   2  2  
 3 Riley Stillman           Daniel Walcott                                    22     1   2  2  
 4 Mattias Ekholm           K'Andre Miller                                    8      1   2  2  

PowerPlay Forward 
   Center                   Left Wing                Right Wing               Time % Phy DF OF 
 1 Boone Jenner             James van Riemsdyk       Alexis Lafreniere        55     1   2  2  
 2 Jakub Voracek            Nicholas Paul            Philipp Kurashev         45     1   2  2  

PowerPlay Defense
   Defense                  Defense                                           Time % Phy DF OF 
 1 Mattias Ekholm           K'Andre Miller                                    55     1   2  2  
 2 Sean Walker              Jacob Muzzin                                      45     1   2  2  

Penalty Kill 4 Players Forward 
   Center                   Wing                     Time % Phy DF OF 
 1 Boone Jenner             Philipp Kurashev         55     1   2  2  
 2 James van Riemsdyk       Nicholas Paul            45     1   2  2  

Penalty Kill 4 Players Defense
   Defense                  Defense                  Time % Phy DF OF 
 1 Mattias Ekholm           K'Andre Miller           55     1   2  2  
 2 Sean Walker              Jacob Muzzin             45     1   2  2  

Penalty Kill - 3 Players Forward 
   Forward                                           Time % Phy DF OF 
 1 Boone Jenner                                      55     1   2  2  
 2 James van Riemsdyk                                45     1   2  2  

Penalty Kill - 3 Players Defense
   Defense                  Defense                  Time % Phy DF OF 
 1 Mattias Ekholm           K'Andre Miller           55     1   2  2  
 2 Sean Walker              Jacob Muzzin             45     1   2  2  

4 vs 4 Forward 
   Center                   Wing                     Time % Phy DF OF 
 1 Boone Jenner             Philipp Kurashev         55     1   2  2  
 2 James van Riemsdyk       Nicholas Paul            45     1   2  2  

4 vs 4 Defense
   Defense                  Defense                  Time % Phy DF OF 
 1 Mattias Ekholm           K'Andre Miller           55     1   2  2  
 2 Sean Walker              Jacob Muzzin             45     1   2  2  

Last Minutes Offensive
   Center                   Left Wing                Right Wing               Defense                  Defense                  
   Boone Jenner             James van Riemsdyk       Nicholas Paul            Alexis Lafreniere        K'Andre Miller           

Last Minutes Defensive
   Center                   Left Wing                Right Wing               Defense                  Defense                  
   Boone Jenner             James van Riemsdyk       Philipp Kurashev         Mattias Ekholm           K'Andre Miller           

Goaltenders
Starting : Ilya Samsonov            
Backup : Cal Petersen             

Extra Forwards
Normal : Jakub Voracek, Morgan Barron, Zach Aston-Reese - PP : Jakub Voracek, Morgan Barron - PK : Zach Aston-Reese
Extra Defensemen
Normal : Riley Stillman, Daniel Walcott, Sean Walker - PP : Riley Stillman - PK : Daniel Walcott, Sean Walker
Penalty Shots
Boone Jenner, Alexis Lafreniere, James van Riemsdyk, Nicholas Paul, Philipp Kurashev
Custom OT Lines Forwards
Boone Jenner, Daniel Walcott, James van Riemsdyk, Nicholas Paul, Philipp Kurashev, Alexis Lafreniere, Jakub Voracek, Morgan Barron, Zach Aston-Reese, Jaret Anderson-Dolan
Custom OT Lines Defensemen
Mattias Ekholm, K'Andre Miller, Sean Walker, Jacob Muzzin, Riley Stillman

Scratches
None

VICTORIA GLADIATORS

5 vs 5 Forward 
   Center                   Left Wing                Right Wing               Time % Phy DF OF 
 1 Mikael Granlund          Alex Iafallo             Andre Burakovsky         36     0   3  2  
 2 Adam Lowry               Barclay Goodrow          Kasperi Kapanen          33     0   3  2  
 3 Noel Acciari             Nick Foligno             Matthew Nieto            24     0   4  1  
 4 Mason Appleton           Brock McGinn             Tyler Pitlick            7      0   4  1  

5 vs 5 Defense 
   Defense                  Defense                                           Time % Phy DF OF 
 1 Brandon Montour          Torey Krug                                        40     0   3  2  
 2 Tyler Myers              Justin Holl                                       35     0   3  2  
 3 Chris Tanev              Jan Rutta                                         25     0   3  2  
 4 Brandon Montour          Justin Holl                                       0      0   3  2  

PowerPlay Forward 
   Center                   Left Wing                Right Wing               Time % Phy DF OF 
 1 Mikael Granlund          Alex Iafallo             Andre Burakovsky         60     1   0  4  
 2 Adam Lowry               Brock McGinn             Nick Foligno             40     1   0  4  

PowerPlay Defense
   Defense                  Defense                                           Time % Phy DF OF 
 1 Brandon Montour          Kasperi Kapanen                                   60     0   1  4  
 2 Tyler Myers              Torey Krug                                        40     0   1  4  

Penalty Kill 4 Players Forward 
   Center                   Wing                     Time % Phy DF OF 
 1 Noel Acciari             Barclay Goodrow          60     0   4  1  
 2 Mason Appleton           Matthew Nieto            40     0   4  1  

Penalty Kill 4 Players Defense
   Defense                  Defense                  Time % Phy DF OF 
 1 Tyler Myers              Justin Holl              60     0   4  1  
 2 Chris Tanev              Jan Rutta                40     0   4  1  

Penalty Kill - 3 Players Forward 
   Forward                                           Time % Phy DF OF 
 1 Noel Acciari                                      55     0   5  0  
 2 Barclay Goodrow                                   45     0   5  0  

Penalty Kill - 3 Players Defense
   Defense                  Defense                  Time % Phy DF OF 
 1 Tyler Myers              Justin Holl              55     0   5  0  
 2 Chris Tanev              Jan Rutta                45     0   5  0  

4 vs 4 Forward 
   Center                   Wing                     Time % Phy DF OF 
 1 Mikael Granlund          Kasperi Kapanen          52     1   2  2  
 2 Adam Lowry               Brock McGinn             48     1   2  2  

4 vs 4 Defense
   Defense                  Defense                  Time % Phy DF OF 
 1 Brandon Montour          Torey Krug               52     1   2  2  
 2 Chris Tanev              Jan Rutta                48     1   2  2  

Last Minutes Offensive
   Center                   Left Wing                Right Wing               Defense                  Defense                  
   Mikael Granlund          Alex Iafallo             Andre Burakovsky         Brandon Montour          Torey Krug               

Last Minutes Defensive
   Center                   Left Wing                Right Wing               Defense                  Defense                  
   Noel Acciari             Barclay Goodrow          Matthew Nieto            Tyler Myers              Justin Holl              

Goaltenders
Starting : Jake Oettinger           
Backup : Charlie Lindgren         

Extra Forwards
Normal : Alex Iafallo, Nick Foligno, Kasperi Kapanen - PP : Noel Acciari, Mason Appleton - PK : Brock McGinn
Extra Defensemen
Normal : Chris Tanev, Jan Rutta, Torey Krug - PP : Chris Tanev - PK : Jan Rutta, Tyler Myers
Penalty Shots
Mikael Granlund, Andre Burakovsky, Adam Lowry, Alex Iafallo, Barclay Goodrow
Custom OT Lines Forwards
Mikael Granlund, Andre Burakovsky, Adam Lowry, Alex Iafallo, Barclay Goodrow, Noel Acciari, Kasperi Kapanen, Nick Foligno, Matthew Nieto, Mason Appleton
Custom OT Lines Defensemen
Brandon Montour, Torey Krug, Tyler Myers, Justin Holl, Chris Tanev

Scratches
Juuso Parssinen (Right Hand Injury), Niko Mikkola (Healthy)

% Time on Ice - KANSAS CITY KILLERBEES

Lines # - Real PCT - Wanted PCT - Time Play
Normal Forward
1 - 32% - 36% - 15:17
2 - 30% - 31% - 14:37
3 - 23% - 23% - 11:08
4 - 15% - 10% - 7:20
Normal Defense
1 - 33% - 36% - 16:07
2 - 34% - 34% - 16:27
3 - 31% - 22% - 14:52
4 - 2% - 8% - 0:56
PP Forward
1 - 48% - 55% - 3:50
2 - 52% - 45% - 4:06
PP Defense
1 - 69% - 55% - 5:29
2 - 31% - 45% - 2:27
PK Forward
1 - 66% - 55% - 2:27
2 - 34% - 45% - 1:15
PK Defense
1 - 56% - 55% - 2:04
2 - 44% - 45% - 1:38
PK3 Forward
1 - 0% - 55%
2 - 0% - 45%
PK3 Defense
1 - 0% - 55%
2 - 0% - 45%
44 Forward
1 - 0% - 55%
2 - 0% - 45%
44 Defense
1 - 0% - 55%
2 - 0% - 45%
Last Minute Offensive  - 0:00
Last Minute Defensive  - 0:00
Total
Forward - 60:00
Defense - 60:00

% Time on Ice - VICTORIA GLADIATORS

Lines # - Real PCT - Wanted PCT - Time Play
Normal Forward
1 - 38% - 36% - 18:16
2 - 30% - 33% - 14:39
3 - 27% - 24% - 12:53
4 - 5% - 7% - 2:34
Normal Defense
1 - 35% - 40% - 16:51
2 - 34% - 35% - 16:34
3 - 31% - 25% - 14:57
4 - 0% - 0% - 0:00
PP Forward
1 - 51% - 60% - 1:54
2 - 49% - 40% - 1:48
PP Defense
1 - 56% - 60% - 2:04
2 - 44% - 40% - 1:38
PK Forward
1 - 67% - 60% - 5:17
2 - 33% - 40% - 2:39
PK Defense
1 - 55% - 60% - 4:24
2 - 45% - 40% - 3:32
PK3 Forward
1 - 0% - 55%
2 - 0% - 45%
PK3 Defense
1 - 0% - 55%
2 - 0% - 45%
44 Forward
1 - 0% - 52%
2 - 0% - 48%
44 Defense
1 - 0% - 52%
2 - 0% - 48%
Last Minute Offensive  - 0:00
Last Minute Defensive  - 0:00
Total
Forward - 60:00
Defense - 60:00

Play-by-Play

1st period


0:01 of 1st period - Mikael Granlund wins face-off versus Boone Jenner in neutral zone.
0:50 of 1st period - Icing by Torey Krug.
0:51 of 1st period - Tyler Johnson wins face-off versus Mikael Granlund in VICTORIA GLADIATORS zone.
1:10 of 1st period - Minor Penalty to Sean Walker for Slashing.
1:11 of 1st period - Boone Jenner wins face-off versus Adam Lowry in KANSAS CITY KILLERBEES zone.
1:28 of 1st period - Shot by Adam Lowry.
1:28 of 1st period - Shot Blocked by K'Andre Miller.
1:38 of 1st period - Shot by Brandon Montour.
1:38 of 1st period - Deflect By Nick Foligno.
1:38 of 1st period - Stopped by Ilya Samsonov without a rebound.
1:39 of 1st period - Mikael Granlund wins face-off versus James van Riemsdyk in KANSAS CITY KILLERBEES zone.
1:52 of 1st period - Shot by Alex Iafallo.
1:52 of 1st period - Stopped by Ilya Samsonov with a rebound.
2:00 of 1st period - Shot by Mikael Granlund.
2:00 of 1st period - Stopped by Ilya Samsonov with a rebound.
2:02 of 1st period - Shot by Alex Iafallo.
2:02 of 1st period - Stopped by Ilya Samsonov without a rebound.
2:03 of 1st period - Boone Jenner wins face-off versus Adam Lowry in KANSAS CITY KILLERBEES zone.
3:12 of 1st period - Shot by Noel Acciari.
3:12 of 1st period - Shot Blocked by Daniel Walcott.
3:48 of 1st period - Chris Tanev is hit by Morgan Barron and loses puck.
4:29 of 1st period - Shot by Kasperi Kapanen.
4:29 of 1st period - Shot Misses the Net.
4:31 of 1st period - Shot by Justin Holl.
4:31 of 1st period - Shot Misses the Net.
4:33 of 1st period - Shot by Kasperi Kapanen.
4:33 of 1st period - Shot Blocked by Mattias Ekholm.
4:35 of 1st period - Shot by Adam Lowry.
4:35 of 1st period - Stopped by Ilya Samsonov without a rebound.
4:36 of 1st period - Nicholas Paul wins face-off versus Mason Appleton in KANSAS CITY KILLERBEES zone.
4:47 of 1st period - Mason Appleton is hit by Alexis Lafreniere.
5:31 of 1st period - Shot by Kasperi Kapanen.
5:31 of 1st period - Stopped by Ilya Samsonov without a rebound.
5:32 of 1st period - Boone Jenner wins face-off versus Andre Burakovsky in KANSAS CITY KILLERBEES zone.
5:57 of 1st period - Shot by Alex Iafallo.
5:57 of 1st period - Shot Blocked by K'Andre Miller.
6:01 of 1st period - Shot by Alex Iafallo.
6:01 of 1st period - Stopped by Ilya Samsonov with a rebound.
6:13 of 1st period - Shot by Andre Burakovsky.
6:13 of 1st period - Shot Hit the Post.
7:35 of 1st period - Shot by Alexis Lafreniere.
7:35 of 1st period - Shot Misses the Net.
7:45 of 1st period - Shot by Alexis Lafreniere.
7:45 of 1st period - Shot Misses the Net.
8:07 of 1st period - Shot by Mattias Ekholm.
8:07 of 1st period - Stopped by Jake Oettinger without a rebound.
8:08 of 1st period - Nick Foligno wins face-off versus Boone Jenner in VICTORIA GLADIATORS zone.
8:15 of 1st period - Shot by Philipp Kurashev.
8:15 of 1st period - Shot Misses the Net.
8:26 of 1st period - Off-side.
8:27 of 1st period - Jaret Anderson-Dolan wins face-off versus Mikael Granlund in neutral zone.
9:01 of 1st period - Shot by Alex Iafallo.
9:01 of 1st period - Shot Hit the Post.
9:53 of 1st period - Shot by Boone Jenner.
9:53 of 1st period - Shot Blocked by Justin Holl.
10:24 of 1st period - Minor Penalty to Tyler Pitlick for Tripping.
10:25 of 1st period - Noel Acciari wins face-off versus Jakub Voracek in VICTORIA GLADIATORS zone.
12:27 of 1st period - Icing by Adam Lowry.
12:28 of 1st period - Adam Lowry wins face-off versus Jaret Anderson-Dolan in VICTORIA GLADIATORS zone.
12:28 of 1st period - Barclay Goodrow is hit by Nicolas Aube-Kubel and loses puck.
13:40 of 1st period - Shot by Jakub Voracek.
13:40 of 1st period - Stopped by Jake Oettinger without a rebound.
13:41 of 1st period - Noel Acciari wins face-off versus Alexis Lafreniere in VICTORIA GLADIATORS zone.
14:09 of 1st period - Shot by Tyler Johnson.
14:09 of 1st period - Deflect By Nicholas Paul.
14:09 of 1st period - Shot Misses the Net.
14:11 of 1st period - Shot by Nicholas Paul.
14:11 of 1st period - Shot Misses the Net.
14:13 of 1st period - Shot by Sean Walker.
14:13 of 1st period - Stopped by Jake Oettinger without a rebound.
14:14 of 1st period - Boone Jenner wins face-off versus Mikael Granlund in VICTORIA GLADIATORS zone.
14:27 of 1st period - Shot by Andre Burakovsky.
14:27 of 1st period - Shot Misses the Net.
14:44 of 1st period - Philipp Kurashev is hit by Torey Krug and loses puck.
14:47 of 1st period - Shot by Boone Jenner.
14:47 of 1st period - Shot Misses the Net.
15:01 of 1st period - Boone Jenner is hit by Brandon Montour.
15:19 of 1st period - Icing by Morgan Barron.
15:20 of 1st period - Adam Lowry wins face-off versus Morgan Barron in KANSAS CITY KILLERBEES zone.
15:50 of 1st period - Shot by Kasperi Kapanen.
15:50 of 1st period - Stopped by Ilya Samsonov without a rebound.
15:51 of 1st period - Noel Acciari wins face-off versus Tyler Johnson in KANSAS CITY KILLERBEES zone.
15:51 of 1st period - Noel Acciari is hit by Mattias Ekholm.
16:27 of 1st period - Shot by Noel Acciari.
16:27 of 1st period - Shot Misses the Net.
16:29 of 1st period - Shot by Matthew Nieto.
16:29 of 1st period - Deflect By Nick Foligno.
16:29 of 1st period - Goal by Nick Foligno - KANSAS CITY KILLERBEES : 0 - VICTORIA GLADIATORS : 1.
16:30 of 1st period - Boone Jenner wins face-off versus Adam Lowry in neutral zone.
16:43 of 1st period - Shot by Philipp Kurashev.
16:43 of 1st period - Deflect By Boone Jenner.
16:43 of 1st period - Stopped by Jake Oettinger without a rebound.
16:44 of 1st period - Mikael Granlund wins face-off versus Morgan Barron in VICTORIA GLADIATORS zone.
17:00 of 1st period - Shot by Mikael Granlund.
17:00 of 1st period - Stopped by Ilya Samsonov without a rebound.
17:01 of 1st period - Adam Lowry wins face-off versus Tyler Johnson in KANSAS CITY KILLERBEES zone.
17:16 of 1st period - Minor Penalty to Adam Lowry for Holding.
17:17 of 1st period - Boone Jenner wins face-off versus Noel Acciari in VICTORIA GLADIATORS zone.
17:30 of 1st period - Shot by Boone Jenner.
17:30 of 1st period - Shot Blocked by Chris Tanev.
18:36 of 1st period - Icing by Mattias Ekholm.
18:37 of 1st period - Jakub Voracek wins face-off versus Noel Acciari in KANSAS CITY KILLERBEES zone.
18:42 of 1st period - Shot by Philipp Kurashev.
18:42 of 1st period - Stopped by Jake Oettinger with a rebound.
Goals for this period are 0 for KANSAS CITY KILLERBEES vs 1 for VICTORIA GLADIATORS.
Shots for this period are 5 for KANSAS CITY KILLERBEES vs 10 for VICTORIA GLADIATORS.

2nd period


0:01 of 2nd period - Boone Jenner wins face-off versus Adam Lowry in neutral zone.
0:18 of 2nd period - Mattias Ekholm is hit by Barclay Goodrow and loses puck.
0:31 of 2nd period - Shot by Philipp Kurashev.
0:31 of 2nd period - Stopped by Jake Oettinger without a rebound.
0:32 of 2nd period - Tyler Johnson wins face-off versus Alex Iafallo in VICTORIA GLADIATORS zone.
0:32 of 2nd period - Nicholas Paul is hit by Brandon Montour and loses puck.
0:46 of 2nd period - Icing by Sean Walker.
0:47 of 2nd period - Tyler Johnson wins face-off versus Noel Acciari in KANSAS CITY KILLERBEES zone.
1:26 of 2nd period - Shot by Nick Foligno.
1:26 of 2nd period - Shot Misses the Net.
2:01 of 2nd period - Minor Penalty to Adam Lowry for Tripping.
2:02 of 2nd period - Jakub Voracek wins face-off versus Brock McGinn in VICTORIA GLADIATORS zone.
3:32 of 2nd period - Icing by Morgan Barron.
3:33 of 2nd period - Jakub Voracek wins face-off versus Matthew Nieto in KANSAS CITY KILLERBEES zone.
4:14 of 2nd period - Icing by Jaret Anderson-Dolan.
4:15 of 2nd period - Mason Appleton wins face-off versus Jaret Anderson-Dolan in KANSAS CITY KILLERBEES zone.
4:36 of 2nd period - Off-side.
4:37 of 2nd period - Mikael Granlund wins face-off versus Tyler Johnson in neutral zone.
4:43 of 2nd period - Andre Burakovsky is hit by Jacob Muzzin and loses puck.
4:56 of 2nd period - Andre Burakovsky is hit by Tyler Johnson and loses puck.
5:17 of 2nd period - Icing by Justin Holl.
5:18 of 2nd period - Mikael Granlund wins face-off versus Philipp Kurashev in VICTORIA GLADIATORS zone.
6:29 of 2nd period - Off-side.
6:30 of 2nd period - Tyler Johnson wins face-off versus Adam Lowry in neutral zone.
6:33 of 2nd period - Shot by Tyler Johnson.
6:33 of 2nd period - Shot Misses the Net.
6:35 of 2nd period - Shot by Tyler Johnson.
6:35 of 2nd period - Stopped by Jake Oettinger with a rebound.
6:37 of 2nd period - Shot by Alexis Lafreniere.
6:37 of 2nd period - Shot Blocked by Brandon Montour.
6:55 of 2nd period - Shot by Barclay Goodrow.
6:55 of 2nd period - Shot Misses the Net.
7:07 of 2nd period - Nicholas Paul is hit by Barclay Goodrow and loses puck.
7:51 of 2nd period - Shot by Nick Foligno.
7:51 of 2nd period - Stopped by Ilya Samsonov with a rebound.
8:03 of 2nd period - Shot by Noel Acciari.
8:03 of 2nd period - Stopped by Ilya Samsonov without a rebound.
8:04 of 2nd period - Mason Appleton wins face-off versus Boone Jenner in KANSAS CITY KILLERBEES zone.
8:26 of 2nd period - Shot by Mason Appleton.
8:26 of 2nd period - Stopped by Ilya Samsonov with a rebound.
8:28 of 2nd period - Shot by Brock McGinn.
8:28 of 2nd period - Stopped by Ilya Samsonov without a rebound.
8:29 of 2nd period - Tyler Johnson wins face-off versus Mikael Granlund in KANSAS CITY KILLERBEES zone.
8:48 of 2nd period - Shot by Mikael Granlund.
8:48 of 2nd period - Stopped by Ilya Samsonov with a rebound.
9:21 of 2nd period - Shot by Adam Lowry.
9:21 of 2nd period - Stopped by Ilya Samsonov with a rebound.
9:23 of 2nd period - Shot by Barclay Goodrow.
9:23 of 2nd period - Shot Misses the Net.
9:53 of 2nd period - Minor Penalty to Tyler Myers for Hooking.
9:54 of 2nd period - Boone Jenner wins face-off versus Noel Acciari in VICTORIA GLADIATORS zone.
10:22 of 2nd period - Boone Jenner is hit by Jan Rutta and loses puck.
10:25 of 2nd period - Shot by K'Andre Miller.
10:25 of 2nd period - Shot Misses the Net.
11:05 of 2nd period - Shot by Philipp Kurashev.
11:05 of 2nd period - Stopped by Jake Oettinger without a rebound.
11:06 of 2nd period - Philipp Kurashev wins face-off versus Mason Appleton in VICTORIA GLADIATORS zone.
11:23 of 2nd period - Shot by Mattias Ekholm.
11:23 of 2nd period - Shot Misses the Net.
11:25 of 2nd period - Shot by Mattias Ekholm.
11:25 of 2nd period - Shot Misses the Net.
11:27 of 2nd period - Shot by Mattias Ekholm.
11:27 of 2nd period - Stopped by Jake Oettinger without a rebound.
11:28 of 2nd period - Noel Acciari wins face-off versus Boone Jenner in VICTORIA GLADIATORS zone.
11:48 of 2nd period - Shot by Boone Jenner.
11:48 of 2nd period - Shot Misses the Net.
12:53 of 2nd period - Shot by Mason Appleton.
12:53 of 2nd period - Shot Blocked by K'Andre Miller.
13:05 of 2nd period - Shot by Jakub Voracek.
13:05 of 2nd period - Stopped by Jake Oettinger without a rebound.
13:06 of 2nd period - Noel Acciari wins face-off versus Boone Jenner in VICTORIA GLADIATORS zone.
13:13 of 2nd period - Shot by Noel Acciari.
13:13 of 2nd period - Shot Misses the Net.
13:15 of 2nd period - Shot by Noel Acciari.
13:15 of 2nd period - Stopped by Ilya Samsonov with a rebound.
13:17 of 2nd period - Shot by Nick Foligno.
13:17 of 2nd period - Stopped by Ilya Samsonov with a rebound.
13:19 of 2nd period - Shot by Jan Rutta.
13:19 of 2nd period - Shot Hit the Post.
13:41 of 2nd period - Shot by Nick Foligno.
13:41 of 2nd period - Shot Misses the Net.
14:09 of 2nd period - Shot by Adam Lowry.
14:09 of 2nd period - Deflect By Barclay Goodrow.
14:09 of 2nd period - Shot Blocked by Boone Jenner.
14:11 of 2nd period - Shot by Adam Lowry.
14:11 of 2nd period - Shot Misses the Net.
14:23 of 2nd period - Shot by Barclay Goodrow.
14:23 of 2nd period - Shot Misses the Net.
14:37 of 2nd period - Icing by Jacob Muzzin.
14:38 of 2nd period - Boone Jenner wins face-off versus Mikael Granlund in KANSAS CITY KILLERBEES zone.
14:56 of 2nd period - Mikael Granlund is hit by Mattias Ekholm.
15:34 of 2nd period - Shot by Nick Foligno.
15:34 of 2nd period - Shot Misses the Net.
15:45 of 2nd period - Off-side.
15:46 of 2nd period - Adam Lowry wins face-off versus Tyler Johnson in neutral zone.
16:08 of 2nd period - Adam Lowry is hit by Riley Stillman and loses puck.
16:16 of 2nd period - Adam Lowry is hit by Riley Stillman.
17:30 of 2nd period - Minor Penalty to Daniel Walcott for Slashing.
17:31 of 2nd period - Mikael Granlund wins face-off versus Boone Jenner in KANSAS CITY KILLERBEES zone.
17:46 of 2nd period - Shot by Brandon Montour.
17:46 of 2nd period - Stopped by Ilya Samsonov without a rebound.
17:47 of 2nd period - Boone Jenner wins face-off versus Andre Burakovsky in KANSAS CITY KILLERBEES zone.
18:21 of 2nd period - Shot by Mikael Granlund.
18:21 of 2nd period - Shot Misses the Net.
19:09 of 2nd period - Shot by Kasperi Kapanen.
19:09 of 2nd period - Shot Blocked by K'Andre Miller.
19:11 of 2nd period - Shot by Nick Foligno.
19:11 of 2nd period - Shot Misses the Net.
19:13 of 2nd period - Shot by Adam Lowry.
19:13 of 2nd period - Goal by Adam Lowry - KANSAS CITY KILLERBEES : 0 - VICTORIA GLADIATORS : 2.
19:14 of 2nd period - Noel Acciari wins face-off versus Jaret Anderson-Dolan in neutral zone.
19:19 of 2nd period - Nicolas Aube-Kubel is hit by Nick Foligno and loses puck.
19:25 of 2nd period - Icing by Sean Walker.
19:26 of 2nd period - Mikael Granlund wins face-off versus Jaret Anderson-Dolan in KANSAS CITY KILLERBEES zone.
19:59 of 2nd period - Shot by Andre Burakovsky.
19:59 of 2nd period - Shot Misses the Net.
Goals for this period are 0 for KANSAS CITY KILLERBEES vs 1 for VICTORIA GLADIATORS.
Shots for this period are 5 for KANSAS CITY KILLERBEES vs 10 for VICTORIA GLADIATORS.

3rd period


0:01 of 3rd period - Adam Lowry wins face-off versus Boone Jenner in neutral zone.
0:36 of 3rd period - Shot by Adam Lowry.
0:36 of 3rd period - Stopped by Ilya Samsonov without a rebound.
0:37 of 3rd period - Mikael Granlund wins face-off versus Morgan Barron in KANSAS CITY KILLERBEES zone.
0:38 of 3rd period - Shot by Alex Iafallo.
0:38 of 3rd period - Shot Misses the Net.
0:40 of 3rd period - Shot by Mikael Granlund.
0:40 of 3rd period - Shot Misses the Net.
0:49 of 3rd period - Alex Iafallo is hit by Jacob Muzzin and loses puck.
1:00 of 3rd period - Shot by Mikael Granlund.
1:00 of 3rd period - Shot Misses the Net.
1:02 of 3rd period - Shot by Alex Iafallo.
1:02 of 3rd period - Goal by Alex Iafallo - KANSAS CITY KILLERBEES : 0 - VICTORIA GLADIATORS : 3.
1:03 of 3rd period - Tyler Johnson wins face-off versus Noel Acciari in neutral zone.
1:03 of 3rd period - Nicholas Paul is hit by Noel Acciari and loses puck.
1:12 of 3rd period - Shot by Nick Foligno.
1:12 of 3rd period - Shot Misses the Net.
1:19 of 3rd period - Tyler Johnson is hit by Jan Rutta and loses puck.
1:36 of 3rd period - Shot by Alexis Lafreniere.
1:36 of 3rd period - Stopped by Jake Oettinger with a rebound.
1:57 of 3rd period - Icing by Alexis Lafreniere.
1:58 of 3rd period - Mikael Granlund wins face-off versus Tyler Johnson in KANSAS CITY KILLERBEES zone.
2:37 of 3rd period - Shot by Mikael Granlund.
2:37 of 3rd period - Stopped by Ilya Samsonov without a rebound.
2:38 of 3rd period - Boone Jenner wins face-off versus Adam Lowry in KANSAS CITY KILLERBEES zone.
3:16 of 3rd period - Shot by Boone Jenner.
3:16 of 3rd period - Stopped by Jake Oettinger without a rebound.
3:17 of 3rd period - Morgan Barron wins face-off versus Noel Acciari in VICTORIA GLADIATORS zone.
3:20 of 3rd period - Shot by Jakub Voracek.
3:20 of 3rd period - Shot Blocked by Jan Rutta.
4:23 of 3rd period - Shot by Alex Iafallo.
4:23 of 3rd period - Shot Misses the Net.
4:38 of 3rd period - Icing by Tyler Myers.
4:39 of 3rd period - Boone Jenner wins face-off versus Mikael Granlund in VICTORIA GLADIATORS zone.
4:48 of 3rd period - Shot by Philipp Kurashev.
4:48 of 3rd period - Shot Misses the Net.
4:52 of 3rd period - Shot by Boone Jenner.
4:52 of 3rd period - Shot Blocked by Alex Iafallo.
4:54 of 3rd period - Shot by Boone Jenner.
4:54 of 3rd period - Stopped by Jake Oettinger without a rebound.
4:55 of 3rd period - Adam Lowry wins face-off versus Tyler Johnson in VICTORIA GLADIATORS zone.
5:04 of 3rd period - K'Andre Miller is hit by Adam Lowry.
5:42 of 3rd period - Off-side.
5:43 of 3rd period - Boone Jenner wins face-off versus Mikael Granlund in neutral zone.
5:43 of 3rd period - Boone Jenner is hit by Alex Iafallo.
5:46 of 3rd period - James van Riemsdyk is hit by Justin Holl and loses puck.
6:21 of 3rd period - Shot by Andre Burakovsky.
6:21 of 3rd period - Shot Misses the Net.
6:23 of 3rd period - Shot by Justin Holl.
6:23 of 3rd period - Shot Blocked by Riley Stillman.
6:52 of 3rd period - Shot by Jan Rutta.
6:52 of 3rd period - Shot Misses the Net.
6:54 of 3rd period - Shot by Noel Acciari.
6:54 of 3rd period - Stopped by Ilya Samsonov with a rebound.
7:10 of 3rd period - Shot by Nick Foligno.
7:10 of 3rd period - Shot Misses the Net.
7:12 of 3rd period - Shot by Nick Foligno.
7:12 of 3rd period - Shot Misses the Net.
7:24 of 3rd period - Shot by Barclay Goodrow.
7:24 of 3rd period - Stopped by Ilya Samsonov without a rebound.
7:25 of 3rd period - Adam Lowry wins face-off versus Morgan Barron in KANSAS CITY KILLERBEES zone.
7:53 of 3rd period - Shot by Barclay Goodrow.
7:53 of 3rd period - Goal by Barclay Goodrow - KANSAS CITY KILLERBEES : 0 - VICTORIA GLADIATORS : 4.
7:53 of 3rd period - Cal Petersen enters game.
7:54 of 3rd period - Mikael Granlund wins face-off versus Tyler Johnson in neutral zone.
8:05 of 3rd period - Shot by Andre Burakovsky.
8:05 of 3rd period - Shot Misses the Net.
8:07 of 3rd period - Shot by Justin Holl.
8:07 of 3rd period - Shot Blocked by Sean Walker.
8:09 of 3rd period - Shot by Andre Burakovsky.
8:09 of 3rd period - Shot Misses the Net.
8:16 of 3rd period - Shot by Mikael Granlund.
8:16 of 3rd period - Stopped by Cal Petersen with a rebound.
9:57 of 3rd period - Shot by Noel Acciari.
9:57 of 3rd period - Shot Misses the Net.
9:59 of 3rd period - Shot by Noel Acciari.
9:59 of 3rd period - Stopped by Cal Petersen without a rebound.
10:00 of 3rd period - Morgan Barron wins face-off versus Brock McGinn in KANSAS CITY KILLERBEES zone.
10:23 of 3rd period - Shot by Morgan Barron.
10:23 of 3rd period - Stopped by Jake Oettinger without a rebound.
10:24 of 3rd period - Mikael Granlund wins face-off versus Boone Jenner in VICTORIA GLADIATORS zone.
11:01 of 3rd period - Shot by Andre Burakovsky.
11:01 of 3rd period - Stopped by Cal Petersen without a rebound.
11:02 of 3rd period - Adam Lowry wins face-off versus Morgan Barron in KANSAS CITY KILLERBEES zone.
11:06 of 3rd period - Icing by Morgan Barron.
11:07 of 3rd period - Adam Lowry wins face-off versus Morgan Barron in KANSAS CITY KILLERBEES zone.
11:10 of 3rd period - Shot by Kasperi Kapanen.
11:10 of 3rd period - Stopped by Cal Petersen with a rebound.
11:43 of 3rd period - Torey Krug is hit by Morgan Barron and loses puck.
12:39 of 3rd period - Shot by Andre Burakovsky.
12:39 of 3rd period - Deflect By Alex Iafallo.
12:39 of 3rd period - Shot Blocked by Boone Jenner.
12:47 of 3rd period - Shot by Alex Iafallo.
12:47 of 3rd period - Shot Misses the Net.
12:49 of 3rd period - Shot by Justin Holl.
12:49 of 3rd period - Stopped by Cal Petersen without a rebound.
12:50 of 3rd period - Noel Acciari wins face-off versus Jaret Anderson-Dolan in KANSAS CITY KILLERBEES zone.
13:25 of 3rd period - Mattias Ekholm is hit by Jan Rutta and loses puck.
13:44 of 3rd period - Shot by Nicholas Paul.
13:44 of 3rd period - Stopped by Jake Oettinger without a rebound.
13:45 of 3rd period - Adam Lowry wins face-off versus Morgan Barron in VICTORIA GLADIATORS zone.
14:02 of 3rd period - Shot by Adam Lowry.
14:02 of 3rd period - Stopped by Cal Petersen without a rebound.
14:03 of 3rd period - Mikael Granlund wins face-off versus James van Riemsdyk in KANSAS CITY KILLERBEES zone.
14:04 of 3rd period - Shot by Alex Iafallo.
14:04 of 3rd period - Shot Misses the Net.
15:13 of 3rd period - Shot by Kasperi Kapanen.
15:13 of 3rd period - Shot Misses the Net.
15:15 of 3rd period - Shot by Brandon Montour.
15:15 of 3rd period - Stopped by Cal Petersen without a rebound.
15:16 of 3rd period - Morgan Barron wins face-off versus Noel Acciari in KANSAS CITY KILLERBEES zone.
16:08 of 3rd period - Icing by Mattias Ekholm.
16:09 of 3rd period - Morgan Barron wins face-off versus Andre Burakovsky in KANSAS CITY KILLERBEES zone.
16:11 of 3rd period - Icing by K'Andre Miller.
16:12 of 3rd period - Adam Lowry wins face-off versus Morgan Barron in KANSAS CITY KILLERBEES zone.
16:17 of 3rd period - Shot by Barclay Goodrow.
16:17 of 3rd period - Shot Misses the Net.
16:19 of 3rd period - Shot by Brandon Montour.
16:19 of 3rd period - Shot Misses the Net.
17:32 of 3rd period - Shot by Philipp Kurashev.
17:32 of 3rd period - Stopped by Jake Oettinger without a rebound.
17:33 of 3rd period - Noel Acciari wins face-off versus Tyler Johnson in VICTORIA GLADIATORS zone.
17:38 of 3rd period - Daniel Walcott is hit by Nick Foligno and loses puck.
18:54 of 3rd period - Icing by Sean Walker.
18:55 of 3rd period - Adam Lowry wins face-off versus Boone Jenner in KANSAS CITY KILLERBEES zone.
19:09 of 3rd period - Off-side.
19:10 of 3rd period - Jaret Anderson-Dolan wins face-off versus Mikael Granlund in neutral zone.
19:24 of 3rd period - Andre Burakovsky is hit by Jaret Anderson-Dolan and loses puck.
19:58 of 3rd period - Mattias Ekholm is hit by Andre Burakovsky and loses puck.
Goals for this period are 0 for KANSAS CITY KILLERBEES vs 2 for VICTORIA GLADIATORS.
Shots for this period are 6 for KANSAS CITY KILLERBEES vs 13 for VICTORIA GLADIATORS.


BLAKE
WHEELER
STEVEN
STAMKOS
DREW
DOUGHTY

EAST COAST

HOCKEY LEAGUE

  • 63.RHI2PIT5
  • 64.WOR4ATL3
  • 65.QUECHW
  • 66.CHATRV